[Event "Wednesday Jan 31 Engine Tour 9 Rd Swiss 12m+1s Starts at 1600hrs ST"]
[Site "Infinity Chess"]
[Date "2018.1.31"]
[Round "2"]
[White "BraveDevil"]
[Black "angriff"]
[Result "0-1"]
[ECO "B00"]
[WhiteElo "2416"]
[BlackElo "2416"]
[WhiteEngine "Cryptic AIL V2"]
[BlackEngine "SF_SL_FA_64BIT_POPCNT_CTG"]
[EventType "Swiss"]
[WhiteTeam ""]
[BlackTeam ""]
[PlyCount "166"]
[TimeControl "720+1"]

1. e4 Nc6 2. d4 d5 3. e5 Bf5 4. Be2 e6 5. c3 f6 6. f4 g5 7. Bb5 g4 8. Ne2 h5 
9. Ng3 Bg6 10. f5 exf5 11. Bxc6+ bxc6 12. O-O fxe5 13. Nxf5 e4 14. Qa4 Qd7 
15. Nh4 Bh7 16. Nd2 e3 17. Nb3 e2 18. Re1 Nf6 19. Rxe2+ Ne4 20. g3 Be7 
21. Bh6 Qe6 22. Bg7 Rg8 23. Be5 Ng5 24. Nd2 Rf8 25. Kh1 Bd3 26. Re3 Ne4 
27. Nxe4 Bxe4+ 28. Kg1 Bg5 29. Rxe4 dxe4 30. Ng2 Bd2 31. Bxc7 e3 32. d5 Qxd5 
33. Nf4 Rxf4 34. Bxf4 Kf7 35. a3 Kf6 36. Qc2 Rh8 37. Qb1 e2 38. Bxd2 Qxd2 
39. Qe1 Qxb2 40. Qf2+ Kg6 41. Re1 Re8 42. Qxa7 Qxc3 43. Qf2 Qd2 44. a4 c5 
45. a5 c4 46. a6 c3 47. a7 Kg7 48. h4 c2 49. Kg2 Rc8 50. a8=Q Rxa8 51. Rxe2 Qd5+ 
52. Kh2 c1=B 53. Qb6 Ba3 54. Qc7+ Kg6 55. Qc2+ Kh6 56. Rd2 Rc8 57. Qd1 Qf5 
58. Ra2 Kg6 59. Re2 Rc1 60. Qd2 Rf1 61. Qc2 Qxc2 62. Rxc2 Bd6 63. Rc6 Rf6 
64. Rc8 Rf3 65. Kg1 Kf5 66. Rc4 Bxg3 67. Kg2 Rd3 68. Rc5+ Be5 69. Rc2 Bf4 
70. Rc5+ Ke4 71. Rc4+ Ke3 72. Rc2 Rd2+ 73. Rxd2 Kxd2 74. Kf2 Be3+ 75. Kf1 Kd1 
76. Kg2 Ke2 77. Kg3 Kf1 78. Kh2 Kf2 79. Kh1 Bd2 80. Kh2 g3+ 81. Kh1 g2+ 
82. Kh2 g1=Q+ 83. Kh3 Qh1# 0-1

[Event "Wednesday Jan 31 Engine Tour 9 Rd Swiss 12m+1s Starts at 1600hrs ST"]
[Site "Infinity Chess"]
[Date "2018.1.31"]
[Round "2"]
[White "HOBO"]
[Black "Cepri"]
[Result "1/2-1/2"]
[ECO "C55"]
[WhiteElo "2431"]
[BlackElo "2423"]
[WhiteEngine "stockfish_18011309_x64_modern_CTG"]
[BlackEngine "asmFishW_07N17_CTG"]
[EventType "Swiss"]
[WhiteTeam ""]
[BlackTeam ""]
[PlyCount "93"]
[TimeControl "720+1"]

1. e4 e5 2. Nf3 Nc6 3. Bc4 Nf6 4. d3 Bc5 5. c3 d6 6. O-O a5 7. Bg5 Ba7 8. Bh4 h6 
9. Na3 g5 10. Bg3 O-O 11. Bb3 Bg4 12. h3 Bh5 13. Nc4 b5 14. Ne3 a4 15. Bc2 Bg6 
16. Qd2 Bxe3 17. fxe3 Nb8 18. Rf2 Nbd7 19. Raf1 Qe8 20. Qe2 Qe6 21. a3 g4 
22. Nh4 gxh3 23. Nf5 hxg2 24. Rxg2 Kh7 25. d4 Rg8 26. d5 Qe8 27. Bh4 Bxf5 
28. Rxf5 Rxg2+ 29. Qxg2 Qh8 30. Qf3 Rg8+ 31. Kf1 Rg6 32. Bd3 Qg7 33. Bxb5 Kg8 
34. Ke1 Rg1+ 35. Kd2 Rg2+ 36. Kc1 Nxe4 37. Qxe4 Nc5 38. Qf3 Nb3+ 39. Kd1 Rd2+ 
40. Ke1 Qg1+ 41. Bf1 Rxb2 42. Rxf7 Rb1+ 43. Ke2 Rb2+ 44. Kd1 Rb1+ 45. Ke2 Rb2+ 
46. Kd1 Rb1+ 47. Ke2 1/2-1/2

[Event "Wednesday Jan 31 Engine Tour 9 Rd Swiss 12m+1s Starts at 1600hrs ST"]
[Site "Infinity Chess"]
[Date "2018.1.31"]
[Round "2"]
[White "Vimtiroba"]
[Black "hafaba"]
[Result "1/2-1/2 "]
[ECO "B00"]
[WhiteElo "2463"]
[BlackElo "2447"]
[WhiteEngine "SF@J30 cc_CTG"]
[BlackEngine "SF_SL_FA_64BIT_POPCNT_CTG"]
[EventType "Swiss"]
[WhiteTeam ""]
[BlackTeam ""]
[PlyCount "140"]
[TimeControl "720+1"]

1. e4 Nc6 2. Nf3 e5 3. Bc4 Nf6 4. d3 Bc5 5. O-O d6 6. c3 O-O 7. a4 a5 
8. Nbd2 Ne7 9. Re1 c6 10. Nf1 Ng6 11. h3 d5 12. exd5 cxd5 13. Bb3 Bd6 
14. Bg5 Be6 15. Nh4 Qb6 16. Ne3 Bc5 17. Nxg6 hxg6 18. Qc2 Qd6 19. Re2 Bb6 
20. Rae1 Rac8 21. Nf1 Nd7 22. Qb1 Qc6 23. Nd2 f6 24. Be3 Bxe3 25. Rxe3 Bf7 
26. Qa2 Nb6 27. h4 Rcd8 28. d4 e4 29. f3 f5 30. f4 Nd7 31. R3e2 Nf6 32. g3 Be8 
33. Ra1 b5 34. axb5 Qxb5 35. Rg2 Qb7 36. Nf1 a4 37. Bd1 Bb5 38. Ne3 Ra8 
39. Qb1 Qc6 40. Qc1 Qd7 41. Rh2 Kh7 42. Rg2 Rh8 43. Ra3 Rhf8 44. Qa1 Bc6 
45. Kh2 Rfb8 46. Kg1 Qe8 47. Rf2 Bd7 48. Rd2 Rd8 49. Kg2 Bb5 50. Kg1 Bc6 
51. Rg2 Bd7 52. Kh2 Rdc8 53. Qa2 Rd8 54. Kg1 Bb5 55. Rd2 Qd7 56. Qa1 Bc6 
57. Rf2 Rf8 58. Qc1 Rfc8 59. Rg2 Rf8 60. Qd2 Rab8 61. Ra2 Rb7 62. Rh2 Rbb8 
63. Qf2 Nh5 64. Rg2 Kg8 65. Ra1 Rb7 66. Ra2 Nf6 67. Rh2 Nh5 68. Rg2 Rbb8 
69. Ra1 Qe8 70. Qd2 Kh7 1/2-1/2

[Event "Wednesday Jan 31 Engine Tour 9 Rd Swiss 12m+1s Starts at 1600hrs ST"]
[Site "Infinity Chess"]
[Date "2018.1.31"]
[Round "2"]
[White "RonWeasley"]
[Black "Ninja_Bp"]
[Result "1/2-1/2"]
[ECO "B97"]
[WhiteElo "2466"]
[BlackElo "2475"]
[WhiteEngine "BrainFish 060118_CTG"]
[BlackEngine "Houdini 6_CTG"]
[EventType "Swiss"]
[WhiteTeam ""]
[BlackTeam ""]
[PlyCount "145"]
[TimeControl "720+1"]

1. e4 c5 2. Nf3 d6 3. d4 cxd4 4. Nxd4 Nf6 5. Nc3 a6 6. Bg5 e6 7. f4 Qb6 
8. Qd2 Qxb2 9. Rb1 Qa3 10. e5 dxe5 11. fxe5 Nfd7 12. Ne4 Qxa2 13. Rd1 h6 
14. Bh4 Qd5 15. Qe3 Qxe5 16. Be2 Bc5 17. Bg3 Qd5 18. c4 Bxd4 19. Rxd4 Qa5+ 
20. Rd2 O-O 21. Bd6 f5 22. Bxf8 Nxf8 23. Nd6 Nbd7 24. O-O Qc5 25. Qxc5 Nxc5 
26. Bf3 a5 27. Rb2 Nfd7 28. Bxb7 Bxb7 29. Nxb7 a4 30. Nxc5 Nxc5 31. Rb5 Rc8 
32. Ra5 Kf7 33. Rb1 Kf6 34. Rb4 h5 35. g3 g5 36. Kg2 Rc6 37. Kf3 Nd3 
38. Rbxa4 Nb2 39. Ra2 Nxc4 40. Ra8 Ne5+ 41. Kg2 Ng6 42. R8a6 Rc8 43. Re2 Re8 
44. Rea2 Rb8 45. Re2 Ne5 46. Ra5 Nd3 47. Ra6 Nc5 48. Ra5 Ne4 49. Rea2 h4 
50. gxh4 gxh4 51. Ra8 Rb3 52. Rh8 Nc3 53. Ra5 Kg5 54. Rg8+ Kf4 55. Rh8 Rb2+ 
56. Kh3 Nd5 57. Rxh4+ Kf3 58. Rc4 Ne3 59. Rc3 Rb8 60. Kh4 Rh8+ 61. Kg5 Rxh2 
62. Kf6 f4 63. Kxe6 Kg4 64. Rc8 Rh6+ 65. Kd7 Rg6 66. Rf8 Kg3 67. Ra3 Kf3 
68. Ra4 Nd5 69. Rd4 Nf6+ 70. Ke7 Ne4 71. Rf5 Rd6 72. Rxd6 Nxd6 73. Rxf4+ 1/2-1/2

[Event "Wednesday Jan 31 Engine Tour 9 Rd Swiss 12m+1s Starts at 1600hrs ST"]
[Site "Infinity Chess"]
[Date "2018.1.31"]
[Round "2"]
[White "Eman"]
[Black "MCDermont"]
[Result "1/2-1/2"]
[ECO "A46"]
[WhiteElo "2486"]
[BlackElo "2486"]
[WhiteEngine "Eman 1.69 64-bit POPCNT"]
[BlackEngine "BrainFish 060118_CTG"]
[EventType "Swiss"]
[WhiteTeam ""]
[BlackTeam ""]
[PlyCount "186"]
[TimeControl "720+1"]

1. d4 Nf6 2. Nf3 d5 3. c4 e6 4. g3 dxc4 5. Bg2 Bb4+ 6. Bd2 a5 7. Qc2 b6 
8. O-O Bb7 9. Bxb4 axb4 10. Qxc4 Nc6 11. Nbd2 O-O 12. Rfd1 Nd5 13. Nb3 Qe7 
14. Qc2 Rfc8 15. Nfd2 Qe8 16. Nc4 Nf6 17. Ne5 Nd5 18. Nd3 Nce7 19. Re1 Qb5 
20. Rec1 Qe8 21. e3 h6 22. Qd1 Ra7 23. Nd2 Qd8 24. Nc4 Rca8 25. Rab1 Nc6 
26. a3 Qe8 27. axb4 Ndxb4 28. Nf4 Qe7 29. h4 Rd8 30. Ra1 Rxa1 31. Rxa1 b5 
32. Nd2 e5 33. dxe5 Bc8 34. e6 Bxe6 35. Qe2 Bd7 36. Nf3 g5 37. hxg5 hxg5 
38. Nd3 Bg4 39. Nxb4 Qxb4 40. Qc2 Bxf3 41. Bxf3 Ne5 42. Bh5 Kg7 43. Qf5 Qe7 
44. b3 c6 45. Ra6 Rd6 46. Ra8 Qf6 47. Qc8 Kh6 48. Kf1 Rd2 49. f4 gxf4 
50. gxf4 Rh2 51. Qf8+ Kh7 52. Be2 Ng6 53. Bd3 Rh1+ 54. Kg2 Rd1 55. Qd8 Kg7 
56. Qxf6+ Kxf6 57. Bxg6 Kxg6 58. Kf3 Rd3 59. b4 Kf6 60. Ra6 Rc3 61. Ra7 Rd3 
62. Ke2 Rb3 63. Ra6 Rb2+ 64. Kf3 Rxb4 65. Rxc6+ Ke7 66. Rc5 f6 67. Rc7+ Kd6 
68. Rb7 f5 69. Rb8 Ke6 70. Rb6+ Kd5 71. Ra6 Ra4 72. Rf6 b4 73. Rxf5+ Kc4 
74. Rf7 b3 75. Rb7 Rb4 76. Rc7+ Kd3 77. Rd7+ Kc2 78. Rc7+ Kb1 79. f5 b2 
80. f6 Ka2 81. Rc2 Rb6 82. f7 Rf6+ 83. Ke4 Kb3 84. Ke5 Rxf7 85. Rxb2+ Kxb2 
86. Kd6 Rb7 87. e4 Kc3 88. e5 Kd4 89. e6 Rb6+ 90. Kd7 Ke5 91. e7 Rb7+ 
92. Kd8 Kd6 93. e8=N+ Kd5 1/2-1/2

[Event "Wednesday Jan 31 Engine Tour 9 Rd Swiss 12m+1s Starts at 1600hrs ST"]
[Site "Infinity Chess"]
[Date "2018.1.31"]
[Round "2"]
[White "Satria_Ungu"]
[Black "SkyPilot"]
[Result "1/2-1/2"]
[ECO "D02"]
[WhiteElo "2371"]
[BlackElo "2518"]
[WhiteEngine "Houdini 6_CTG"]
[BlackEngine "stockfish_x64_bmi2_2018_01_23_CTG"]
[EventType "Swiss"]
[WhiteTeam ""]
[BlackTeam ""]
[PlyCount "114"]
[TimeControl "720+1"]

1. d4 d5 2. Nf3 Nf6 3. c4 c6 4. e3 e6 5. Nbd2 Nbd7 6. Bd3 c5 7. O-O Be7 
8. b3 O-O 9. Be2 b6 10. Bb2 Bb7 11. Rc1 Rc8 12. cxd5 Nxd5 13. Nc4 Qc7 
14. Qd3 cxd4 15. Bxd4 Qb8 16. Nfe5 Nxe5 17. Bxe5 Qa8 18. Qd4 Rfd8 19. Qg4 Bf6 
20. Qg3 Bxe5 21. Qxe5 Rc5 22. Qa1 Nb4 23. f3 Ba6 24. Rfd1 Rxd1+ 25. Rxd1 h6 
26. Qc3 Bxc4 27. Bxc4 Nxa2 28. Qd2 b5 29. Bxe6 fxe6 30. Qxa2 Rd5 31. Rxd5 Qxd5 
32. Kf2 b4 33. Qc2 a5 34. h3 a4 35. bxa4 b3 36. Qc8+ Kh7 37. Qc1 Qd3 38. Ke1 Qf5 
39. Ke2 Qd5 40. a5 Qb5+ 41. Kf2 Qd3 42. a6 Qc2+ 43. Qxc2+ bxc2 44. a7 c1=Q 
45. a8=Q Qd2+ 46. Kg3 Qxe3 47. Qe4+ Qxe4 48. fxe4 e5 49. h4 Kg6 50. Kg4 h5+ 
51. Kf3 Kf7 52. Kf2 g5 53. hxg5 Kg6 54. g3 Kxg5 55. Kf3 Kf6 56. Kg2 Kg7 
57. Kf3 Kf6 1/2-1/2

[Event "Wednesday Jan 31 Engine Tour 9 Rd Swiss 12m+1s Starts at 1600hrs ST"]
[Site "Infinity Chess"]
[Date "2018.1.31"]
[Round "2"]
[White "MarioDeMonti"]
[Black "KhalidOmar"]
[Result "1/2-1/2"]
[ECO "C50"]
[WhiteElo "2490"]
[BlackElo "2437"]
[WhiteEngine "stockfish_x64_bmi2_2018_01_23_CTG"]
[BlackEngine "Eman 1.69 64-bit BMI2"]
[EventType "Swiss"]
[WhiteTeam ""]
[BlackTeam ""]
[PlyCount "83"]
[TimeControl "720+1"]

1. e4 e5 2. Nf3 Nc6 3. Bc4 Bc5 4. O-O Nf6 5. d3 d6 6. c3 a5 7. Re1 O-O 8. h3 h6 
9. Nbd2 Be6 10. Bb5 Qb8 11. Nf1 Qa7 12. Re2 a4 13. Ng3 Qa5 14. Bxc6 bxc6 
15. Nh4 Rfe8 16. Re1 d5 17. exd5 Nxd5 18. Nhf5 Bf8 19. Rxe5 a3 20. Ne4 axb2 
21. Bxb2 Qb6 22. Rb1 Bxf5 23. Rxf5 Reb8 24. c4 Ne7 25. Qg4 Qa6 26. Nf6+ Kh8 
27. Nd7 Nxf5 28. Nxb8 Qxa2 29. Ra1 Qxb2 30. Rxa8 Qc1+ 31. Kh2 Bd6+ 32. g3 Bxg3+ 
33. fxg3 Qd2+ 34. Kg1 Qe1+ 35. Kg2 Ne3+ 36. Kf3 Nxg4 37. Nd7+ Kh7 38. Nf8+ Kh8 
39. Ng6+ Kh7 40. Nf8+ Kh8 41. Ng6+ Kh7 42. Nf8+ 1/2-1/2

[Event "Wednesday Jan 31 Engine Tour 9 Rd Swiss 12m+1s Starts at 1600hrs ST"]
[Site "Infinity Chess"]
[Date "2018.1.31"]
[Round "1"]
[White "Dinkelberger"]
[Black "HOBO"]
[Result "1/2-1/2"]
[ECO "C77"]
[WhiteElo "2375"]
[BlackElo "2433"]
[WhiteEngine "stockfish_18013111_x64_modern_CTG"]
[BlackEngine "stockfish_18011309_x64_modern_CTG"]
[EventType "Swiss"]
[WhiteTeam ""]
[BlackTeam ""]
[PlyCount "92"]
[TimeControl "720+1"]

1. e4 e5 2. Nf3 Nc6 3. Bb5 a6 4. Ba4 Nf6 5. O-O Be7 6. Re1 b5 7. Bb3 O-O 
8. c3 d5 9. exd5 Nxd5 10. Nxe5 Nxe5 11. Rxe5 c6 12. d4 Bd6 13. Re1 Qh4 
14. g3 Qh3 15. Qe2 Bg4 16. Qf1 Qh5 17. Nd2 Rae8 18. f3 Rxe1 19. Qxe1 Bxf3 
20. Nxf3 Qxf3 21. a4 b4 22. Bd2 Rb8 23. Bc4 a5 24. Qf2 Qg4 25. Rf1 Qd7 
26. Qf3 Bf8 27. Bf4 Rb7 28. cxb4 Bxb4 29. Rf2 Qd8 30. Kg2 g6 31. b3 Bf8 
32. Rc2 Rd7 33. Be5 Bg7 34. Re2 Rb7 35. h3 Re7 36. h4 Qd7 37. Bxg7 Rxe2+ 
38. Qxe2 Kxg7 39. Qe5+ f6 40. Qe4 Nc3 41. Qf3 Qxd4 42. Qxc6 Qd2+ 43. Kf3 Qd1+ 
44. Kg2 Qd2+ 45. Kf3 Qd1+ 46. Kg2 Qd2+ 1/2-1/2

[Event "Wednesday Jan 31 Engine Tour 9 Rd Swiss 12m+1s Starts at 1600hrs ST"]
[Site "Infinity Chess"]
[Date "2018.1.31"]
[Round "1"]
[White "hafaba"]
[Black "Dovahkiin"]
[Result "1/2-1/2"]
[ECO "A06"]
[WhiteElo "2450"]
[BlackElo "2380"]
[WhiteEngine "SF_SL_FA_64BIT_POPCNT_CTG"]
[BlackEngine "BrainFish_180128_x64_modern_CTG"]
[EventType "Swiss"]
[WhiteTeam ""]
[BlackTeam ""]
[PlyCount "277"]
[TimeControl "720+1"]

1. Nf3 d5 2. d4 Nf6 3. c4 e6 4. Nc3 c6 5. e3 Nbd7 6. Qc2 Bd6 7. Bd3 O-O 
8. O-O dxc4 9. Bxc4 a6 10. a4 c5 11. dxc5 Bxc5 12. Ne4 Nxe4 13. Qxe4 Qe7 
14. b3 Nf6 15. Qh4 b6 16. Bb2 Bb7 17. Ne5 Rfd8 18. Rfd1 Rac8 19. h3 h6 
20. Be2 Ne4 21. Qg4 Nf6 22. Qh4 Ne4 23. Rxd8+ Rxd8 24. Qxe7 Bxe7 25. Bd4 Nc5 
26. Rc1 a5 27. Rc3 Bf6 28. f4 Bxe5 29. fxe5 Rc8 30. Kf1 Kf8 31. Bf3 Bd5 
32. e4 Bb7 33. Kf2 Ba6 34. Ke3 Ke7 35. h4 Kd8 36. Bd1 Rc7 37. Rc2 Kc8 
38. Rb2 Nd7 39. Rf2 Nc5 40. h5 Kd8 41. Rd2 Kc8 42. g4 Bb7 43. Rb2 Bc6 
44. g5 hxg5 45. Rg2 Nxe4 46. Bf3 f5 47. exf6 Nxf6 48. Bxc6 Rxc6 49. Rxg5 Rc1 
50. Rxg7 e5 51. Kd2 Rc6 52. Bxe5 Nxh5 53. Rf7 Rc5 54. Bd4 Rd5 55. Kd3 b5 
56. Ke4 Rg5 57. Be5 bxa4 58. bxa4 Rg4+ 59. Kf5 Rxa4 60. Rc7+ Kd8 61. Rc1 Ra2 
62. Kg6 Rf2 63. Bc7+ Kd7 64. Kxh5 Rf8 65. Bg3 Rg8 66. Bf4 Ke6 67. Ra1 Kf5 
68. Bd2 Rh8+ 69. Bh6 Ra8 70. Ra4 Ra7 71. Kh4 Ke6 72. Be3 Ra6 73. Kg3 Kd5 
74. Kf3 Kc6 75. Ra1 Kb5 76. Ke2 Kc4 77. Bd2 a4 78. Ra3 Re6+ 79. Kd1 Kb5 
80. Kc2 Rc6+ 81. Bc3 Rd6 82. Be1 Ra6 83. Bd2 Kc4 84. Kb2 Rb6+ 85. Ka2 Kb5 
86. Rd3 Rf6 87. Ka3 Rf1 88. Rd5+ Kc4 89. Rh5 Rb1 90. Rh8 Rf1 91. Rh7 Kd3 
92. Bb4 Ra1+ 93. Kb2 Rf1 94. Ka2 Rf6 95. Ra7 a3 96. Kxa3 Rf1 97. Rd7+ Ke4 
98. Kb3 Rb1+ 99. Kc4 Ra1 100. Rd8 Kf3 101. Bd2 Rb1 102. Rh8 Ra1 103. Rf8+ Ke4 
104. Rd8 Ra6 105. Bb4 Rc6+ 106. Bc5 Rc7 107. Kb5 Rb7+ 108. Kc4 Kf5 109. Rh8 Rc7 
110. Kd5 Kg5 111. Bg1 Kf5 112. Rf8+ Kg4 113. Bd4 Rd7+ 114. Ke4 Re7+ 115. Be5 Kg5 
116. Kd5 Ra7 117. Bd4 Ra5+ 118. Ke4 Ra4 119. Ke5 Kg4 120. Rf4+ Kh3 121. Rf3+ Kg4 
122. Rf8 Kg5 123. Rf1 Ra5+ 124. Ke4 Ra4 125. Ke5 Ra5+ 126. Ke4 Ra4 127. Kd3 Kg4 
128. Rg1+ Kf3 129. Rf1+ Kg4 130. Rg1+ Kf3 131. Kc3 Ke4 132. Re1+ Kf4 
133. Re6 Ra8 134. Rf6+ Ke4 135. Re6+ Kd5 136. Re5+ Kc6 137. Rh5 Rd8 138. Kc4 Rd7 
139. Rg5 1/2-1/2

[Event "Wednesday Jan 31 Engine Tour 9 Rd Swiss 12m+1s Starts at 1600hrs ST"]
[Site "Infinity Chess"]
[Date "2018.1.31"]
[Round "1"]
[White "star99"]
[Black "Vimtiroba"]
[Result "1/2-1/2"]
[ECO "C24"]
[WhiteElo "2381"]
[BlackElo "2466"]
[WhiteEngine "Cryptic AIL V2"]
[BlackEngine "SF@J30 cc_CTG"]
[EventType "Swiss"]
[WhiteTeam ""]
[BlackTeam ""]
[PlyCount "166"]
[TimeControl "720+1"]

1. e4 e5 2. Bc4 Nf6 3. d3 c6 4. Bb3 d5 5. Nf3 a5 6. a4 Bb4+ 7. c3 Bd6 8. O-O O-O 
9. exd5 cxd5 10. Bg5 Be6 11. Re1 h6 12. Bh4 Nbd7 13. Na3 Bb8 14. Nb5 Re8 
15. Nd2 Ra6 16. Nf1 Nc5 17. Bc2 d4 18. Bg3 Ra8 19. Bxe5 Bg4 20. Bxf6 Bxh2+ 
21. Kh1 Bxd1 22. Bxd8 Rxe1 23. Rxd1 Rxd1 24. Bxd1 dxc3 25. bxc3 Rxd8 
26. Kxh2 Nxd3 27. f3 Re8 28. Nd2 Re1 29. Bc2 Nb2 30. Na3 Ra1 31. Ndc4 g6 
32. Nxb2 Rxa3 33. Nd1 g5 34. Kg3 f5 35. f4 Kg7 36. Kf3 Kf6 37. g3 h5 38. Ke3 Ra2 
39. Bb3 Rh2 40. fxg5+ Kxg5 41. Nf2 h4 42. gxh4+ Rxh4 43. Nd3 Re4+ 44. Kd2 f4 
45. Nc5 Re5 46. Ne6+ Kg4 47. Bd1+ Kg3 48. Nd4 b6 49. Ne2+ Kf3 50. Nd4+ Kf2 
51. Bf3 Re3 52. Bc6 Rh3 53. Bd7 Rh6 54. Kd3 Rh7 55. Bf5 Re7 56. Be4 Re5 
57. Bc6 Re3+ 58. Kd2 Rg3 59. Nb3 Rh3 60. Bd5 Rh5 61. Bc6 Rh3 62. Nd4 Rh2 
63. Nb3 f3 64. Nd4 Kg3+ 65. Ke3 f2 66. Ke2 Kf4 67. Ne6+ Kf5 68. Nd4+ Kf4 
69. c4 Kg3 70. Nf5+ Kg4 71. Ne3+ Kf4 72. Nf1 Rh3 73. Kxf2 Rc3 74. Nd2 Ke5 
75. Bb5 Kd4 76. Nf3+ Kc5 77. Ne5 Kd4 78. Nf3+ Kc5 79. Ke2 Rxc4 80. Bxc4 Kxc4 
81. Ne5+ Kb3 82. Nd7 Kc3 83. Nxb6 Kd4 1/2-1/2

[Event "Wednesday Jan 31 Engine Tour 9 Rd Swiss 12m+1s Starts at 1600hrs ST"]
[Site "Infinity Chess"]
[Date "2018.1.31"]
[Round "1"]
[White "RonWeasley"]
[Black "ivrdurant"]
[Result "1/2-1/2"]
[ECO "C55"]
[WhiteElo "2469"]
[BlackElo "2382"]
[WhiteEngine "BrainFish 060118_CTG"]
[BlackEngine "Raubfisch X37c_CTG"]
[EventType "Swiss"]
[WhiteTeam ""]
[BlackTeam ""]
[PlyCount "134"]
[TimeControl "720+1"]

1. e4 e5 2. Nf3 Nc6 3. Bc4 Nf6 4. d3 Bc5 5. c3 d6 6. Bb3 a6 7. Nbd2 Ba7 
8. O-O O-O 9. Re1 h6 10. Nf1 Ne7 11. Ng3 Ng6 12. h3 Re8 13. a4 b5 14. axb5 axb5 
15. Be3 c5 16. Qd2 Be6 17. Bxe6 Rxe6 18. Nf5 Ne8 19. b4 Bb6 20. Rxa8 Qxa8 
21. Nxd6 cxb4 22. Nxb5 bxc3 23. Nxc3 Nf6 24. Rb1 Bxe3 25. fxe3 Rd6 26. Qc2 Qd8 
27. d4 exd4 28. exd4 Rc6 29. Rb3 Rc8 30. Qb2 Nh5 31. Kh2 Qc7+ 32. e5 Nhf4 
33. Na4 Qc1 34. Rb8 Qc4 35. Nc5 Rxb8 36. Qxb8+ Kh7 37. Qb2 Ne7 38. Ne4 Qd3 
39. Ng3 g6 40. Qb4 Nfd5 41. Qd2 Qxd2 42. Nxd2 g5 43. Ne2 f6 44. Nc4 Kg6 
45. Kg3 fxe5 46. Nxe5+ Kf5 47. Kf3 Ke6 48. g4 Nf6 49. Ng3 Kd5 50. Ke3 Ke6 
51. Nd3 Kd5 52. Nb2 Ke6 53. Nd1 Ned5+ 54. Kf3 Nf4 55. Nf2 Kd5 56. Nf5 h5 
57. h4 Ne6 58. gxh5 Nxh5 59. hxg5 Nxg5+ 60. Ke3 Kc4 61. Nd3 Kd5 62. Ne5 Ne6 
63. Ne7+ Kd6 64. N7g6 Ng3 65. Nc4+ Kd5 66. Nb6+ Kd6 67. Nh4 Nxd4 1/2-1/2

[Event "Wednesday Jan 31 Engine Tour 9 Rd Swiss 12m+1s Starts at 1600hrs ST"]
[Site "Infinity Chess"]
[Date "2018.1.31"]
[Round "1"]
[White "Ryzen"]
[Black "MarioDeMonti"]
[Result "0-1"]
[ECO "A06"]
[WhiteElo "2397"]
[BlackElo "2477"]
[WhiteEngine "Houdini 6"]
[BlackEngine "stockfish_x64_bmi2_2018_01_23_CTG"]
[EventType "Swiss"]
[WhiteTeam ""]
[BlackTeam ""]
[PlyCount "272"]
[TimeControl "720+1"]

1. Nf3 d5 2. b3 Bf5 3. e3 e6 4. c4 Nf6 5. Bb2 c6 6. Nh4 Bg4 7. Be2 Bxe2 
8. Qxe2 Nbd7 9. O-O Bd6 10. f4 O-O 11. Nf3 Re8 12. d4 Ne4 13. Nc3 Ndf6 
14. Rac1 Be7 15. Rfd1 Qb6 16. Nxe4 Nxe4 17. Nd2 Nxd2 18. Rxd2 a5 19. Rd3 Qc7 
20. a3 Qd7 21. Rdc3 Reb8 22. a4 Qe8 23. Qc2 g6 24. Rd3 b5 25. c5 Bd8 26. Ra1 Qe7 
27. Bc3 b4 28. Be1 h5 29. Qe2 Qf6 30. Bg3 Qf5 31. h3 h4 32. Bh2 Kg7 33. Re1 Bc7 
34. Rdd1 Re8 35. Rf1 Rh8 36. Rf3 Qh5 37. Kh1 Rhc8 38. Qf1 f5 39. Qg1 Rg8 
40. Qf1 Bd8 41. Bg1 Kf7 42. Qf2 Ke8 43. Qc2 Kd7 44. Rff1 Bc7 45. Bh2 Rg7 
46. Qf2 Kc8 47. Rde1 Kb7 48. Qf3 Qh7 49. Qf2 Rh8 50. Re2 Qg8 51. Rd2 Qb8 
52. Qg1 Qe8 53. Rf3 Rgh7 54. Qf1 Rg7 55. Qg1 Rhg8 56. Re2 Qf8 57. Ref2 Qf7 
58. Qf1 Rh8 59. Qg1 Rhg8 60. Qf1 Rh8 61. Qg1 Rgg8 62. Qe1 Rh5 63. Qe2 Qe7 
64. Qf1 Rh7 65. Qe2 Rhg7 66. Qf1 Rh7 67. Qe2 Qf6 68. Qf1 Qd8 69. Rd2 Qe8 
70. Qg1 Re7 71. Qf2 Rh7 72. Qg1 Qf7 73. Qe1 Qf8 74. Bg1 Qe8 75. Bf2 Qd8 
76. Bg1 Qe8 77. Bf2 Qe7 78. Bg1 Qf8 79. Bf2 Qf6 80. Bg1 Rgg7 81. Bh2 Qf8 
82. Bg1 Qb8 83. Bf2 Qd8 84. Bg1 Qg8 85. Re2 Qb8 86. Bf2 Qd8 87. Bg1 g5 
88. fxg5 Bg3 89. Bf2 Qxg5 90. Qf1 Re7 91. Bxg3 hxg3 92. Qe1 Reg7 93. Qf1 Qe7 
94. Qe1 Qg5 95. Qf1 Qg4 96. Rf4 Qg6 97. Rf3 Rh4 98. Rf4 Rh5 99. Rd2 Re7 
100. Rf3 e5 101. dxe5 Rxe5 102. Rd4 Re4 103. Kg1 Rg5 104. Rd3 Qe6 105. Kh1 Qe7 
106. Qc1 Rg7 107. Rd1 f4 108. exf4 Re2 109. Rg1 Qe4 110. Qa1 d4 111. Qf1 Ka6 
112. f5 d3 113. f6 Qe6 114. Qxe2 dxe2 115. fxg7 e1=Q 116. g8=Q Qxg1+ 
117. Kxg1 Qxg8 118. h4 Qg6 119. Kf1 Qb1+ 120. Ke2 Qc2+ 121. Ke3 Qxb3+ 
122. Kf4 Qxf3+ 123. Kxf3 b3 124. Kxg3 b2 125. h5 b1=Q 126. h6 Qb3+ 
127. Kf4 Qxa4+ 128. Ke3 Qa1 129. h7 a4 130. Kf4 a3 131. g3 a2 132. g4 Qf1+ 
133. Kg5 a1=Q 134. Kh4 Qe5 135. g5 Qe4+ 136. Kg3 Qef4# 0-1

[Event "Wednesday Jan 31 Engine Tour 9 Rd Swiss 12m+1s Starts at 1600hrs ST"]
[Site "Infinity Chess"]
[Date "2018.1.31"]
[Round "1"]
[White "Ninja_Bp"]
[Black "tris77"]
[Result "1/2-1/2"]
[ECO "A05"]
[WhiteElo "2478"]
[BlackElo "2403"]
[WhiteEngine "Houdini 6_CTG"]
[BlackEngine "stockfish_18012814_x64_modern_CTG"]
[EventType "Swiss"]
[WhiteTeam ""]
[BlackTeam ""]
[PlyCount "113"]
[TimeControl "720+1"]

1. Nf3 Nf6 2. d4 d5 3. e3 c5 4. c4 e6 5. a3 h6 6. Nc3 dxc4 7. Bxc4 a6 8. O-O b5 
9. Ba2 Bb7 10. Qe2 cxd4 11. exd4 Be7 12. Bf4 O-O 13. Rad1 Nd5 14. Bxd5 exd5 
15. Ne5 Nd7 16. Rd3 Re8 17. Qh5 Nxe5 18. dxe5 Qb6 19. Nxd5 Bxd5 20. Rxd5 Rad8 
21. Rxd8 Rxd8 22. Qe2 Qg6 23. g3 Rd5 24. Re1 a5 25. Qf3 Qe6 26. Re2 Bg5 
27. Kg2 a4 28. Re1 Be7 29. Qe2 Rc5 30. Qe4 g5 31. Bd2 Rc4 32. Qd3 Kg7 33. h3 Bc5 
34. Re2 Bd4 35. Bb4 Bxe5 36. Qf3 f6 37. Qb7+ Kg6 38. Qxb5 Qc6+ 39. Qxc6 Rxc6 
40. Kf3 Rc1 41. Ba5 Rc5 42. Be1 Rc1 43. Bd2 Rb1 44. Re4 Rxb2 45. Be3 Bd6 
46. Rxa4 Rb3 47. Ra6 Bxa3 48. Ke4 Bb2 49. Rb6 Rxb6 50. Bxb6 f5+ 51. Kd5 h5 
52. Bc5 Bg7 53. Ke6 Bc3 54. f3 Be1 55. g4 hxg4 56. hxg4 fxg4 57. fxg4 1/2-1/2

[Event "Wednesday Jan 31 Engine Tour 9 Rd Swiss 12m+1s Starts at 1600hrs ST"]
[Site "Infinity Chess"]
[Date "2018.1.31"]
[Round "1"]
[White "MCDermont"]
[Black "BraveDevil"]
[Result "1/2-1/2"]
[ECO "B97"]
[WhiteElo "2489"]
[BlackElo "2413"]
[WhiteEngine "BrainFish 060118_CTG"]
[BlackEngine "Cryptic AIL V2"]
[EventType "Swiss"]
[WhiteTeam ""]
[BlackTeam ""]
[PlyCount "213"]
[TimeControl "720+1"]

1. e4 c5 2. Nf3 d6 3. d4 cxd4 4. Nxd4 Nf6 5. Nc3 a6 6. Bg5 e6 7. f4 Qb6 
8. Qd2 Qxb2 9. Rb1 Qa3 10. e5 dxe5 11. fxe5 Nfd7 12. Ne4 h6 13. Bh4 Qxa2 
14. Rd1 Qd5 15. Qe3 Qxe5 16. Be2 Bc5 17. Bg3 Qd5 18. c4 Bxd4 19. Rxd4 Qa5+ 
20. Rd2 O-O 21. Bd6 f5 22. Bxf8 Nxf8 23. Nd6 Nbd7 24. O-O Qc5 25. Qxc5 Nxc5 
26. Rb1 Nfd7 27. Bf3 Kf8 28. Bxb7 Bxb7 29. Nxb7 Ke7 30. Nxc5 Nxc5 31. g3 a5 
32. Rb5 Ne4 33. Rc2 Nd6 34. Rb6 a4 35. c5 Ne8 36. Rb7+ Kf6 37. Kf2 a3 
38. Ra2 Ra5 39. c6 Rc5 40. Rxa3 Rxc6 41. Rb2 g5 42. Ra8 Nd6 43. Rf8+ Kg7 
44. Rfb8 Ne4+ 45. Kg2 Rc3 46. Re8 Kf7 47. Rh8 f4 48. gxf4 gxf4 49. Rxh6 f3+ 
50. Kh3 Rc1 51. Rb7+ Kg8 52. Kg4 f2 53. Rxe6 Rg1+ 54. Kh5 f1=Q 55. Re8+ Qf8 
56. Rxf8+ Kxf8 57. Rb8+ Kg7 58. Rb7+ Kf6 59. h4 Rg8 60. Rb6+ Kf5 61. Rb5+ Kf4 
62. Rb1 Rh8+ 63. Kg6 Rxh4 64. Ra1 Rh2 65. Rb1 Ke5 66. Kg7 Rg2+ 67. Kf7 Nd6+ 
68. Kf8 Rh2 69. Kg7 Re2 70. Ra1 Kf5 71. Ra5+ Ke6 72. Ra1 Rg2+ 73. Kf8 Rf2+ 
74. Kg8 Rb2 75. Kh7 Rh2+ 76. Kg6 Rg2+ 77. Kh7 Nc4 78. Rb1 Ne3 79. Rb6+ Kf5 
80. Rb1 Nd5 81. Rf1+ Nf4 82. Ra1 Kf6 83. Rf1 Kf5 84. Ra1 Ke5 85. Kh8 Rg4 
86. Rb1 Kf6 87. Kh7 Rg5 88. Rf1 Ke5 89. Ra1 Kf6 90. Rb1 Rg7+ 91. Kh6 Rg6+ 
92. Kh7 Rg7+ 93. Kh6 Rg6+ 94. Kh7 Rg4 95. Ra1 Ne6 96. Rf1+ Ke5 97. Re1+ Kd6 
98. Kh6 Nf4 99. Ra1 Rg2 100. Ra6+ Ke7 101. Ra4 Ne6 102. Ra5 Kd6 103. Ra6+ Kd5 
104. Ra5+ Kc4 105. Ra4+ Kb5 106. Re4 Ng7 107. Re5+ 1/2-1/2